 Dungeon Crawl Stone Soup version 0.29.1-13-g9f3cf754e1 (webtiles) character file.

Game seed: 9265423645304804610

66 xian the Trooper (level 3, -10/33 HPs)
             Began as a Draconian Abyssal Knight on Jan 29, 2023.
             Was a Believer of Lugonu.
             Killed from afar by Grinder (16 damage)
             ... with a bolt of light
             ... on level 3 of the Dungeon.
             The game lasted 00:04:28 (2286 turns).

xian the Trooper (Draconian Abyssal Knight)         Turns: 2286, Time: 00:04:29

Health: -10/33     AC:  5    Str: 17    XL:     3   Next: 96%
Magic:  4/4        EV: 12    Int: 10    God:    Lugonu [**....]
Gold:   100        SH:  0    Dex: 11    Spells: 2/2 levels left

rFire   . . .      SeeInvis .   a - +1 short sword
rCold   . . .      Faith    .   (no shield)
rNeg    . . .      Spirit   .   (body armour unavailable)
rPois   .          Reflect  .   (helmet restricted)
rElec   .          Harm     .   (no cloak)
rCorr   .          Rampage  .   (no gloves)
Will    .....                   (no boots)
Stlth   +.........              (no amulet)
HPRegen 0.11/turn               g - ring of wizardry
MPRegen 0.09/turn               (no ring)

@: no status effects
A: AC +5, unfitting armour, cold-blooded
a: Renounce Religion, Depart the Abyss, Bend Space


You were on level 3 of the Dungeon.
You worshipped Lugonu.
Lugonu was pleased with you.
You visited 1 branch of the dungeon, and saw 3 of its levels.
You visited the Abyss 1 time.

You collected 123 gold pieces.
You spent 23 gold pieces at shops.

Inventory:

Hand Weapons
 a - a +1 short sword (weapon)
 n - a +0 longbow
Missiles
 f - 13 stones (quivered)
Jewellery
 g - a ring of wizardry (left hand)
Scrolls
 e - 4 scrolls of poison {unknown}
 h - a scroll of magic mapping
 l - a scroll of fog
Potions
 b - a potion of lignification {unknown}
 c - a potion of might {unknown}
 d - a potion of mutation {unknown}
 i - a potion of degeneration {unknown}
 j - a potion of magic {unknown}
 k - 2 potions of attraction {unknown}
 m - 2 potions of curing


   Skills:
 + Level 3.9 Fighting
 + Level 2.6 Short Blades
 + Level 0.4 Throwing
 + Level 2.7 Dodging
 + Level 0.2 Stealth
 * Level 2.5 Invocations


You had 2 spell levels left.
You didn't know any spells.
Your spell library contained the following spells:

 Spells                   Type           Power      Damage    Failure   Level
 Apportation              Tloc           0%         N/A       16%         1
 Alistair's Intoxication  Tmut/Pois      0%         N/A       98%         5


Dungeon Overview and Level Annotations

Branches:
Dungeon (3/15)

Altars:
Uskayaw

Shops:
D:3 (

Annotations:
D:2 1 runed translucent door, Crazy Yiuf
D:3 Grinder


Innate Abilities, Weirdness & Mutations

Your plain brown scales are hard. (AC +5)
You cannot fit into any form of body armour.
You are cold-blooded and may be slowed by cold attacks.


Message History

Press: ? - help, Q - select action, (/) - cycle Shift-Dir - straight line, f/p - Grinder
Aim: Grinder, carrying a wand of light (4) (moderately wounded, poisoned, 52% to hit)
Okay, then.
You barely miss Grinder.
Your tail-slap misses Grinder.
Grinder is moderately wounded.
Grinder looks more healthy.
Grinder hits you.
You writhe in agony.
You hit Grinder.
Grinder is moderately wounded.
Grinder hits you!
* * * LOW HITPOINT WARNING * * *
You writhe in agony.
* * * LOW HITPOINT WARNING * * *
You hit Grinder.
Grinder is moderately wounded.
Grinder closely misses you.
You hit Grinder.
Grinder is heavily wounded.
Grinder blinks!
Unknown command.
You see here a poisoned dart.
o - a poisoned dart You see here 2 poisoned darts.
Throw: 14 stones
Press: ? - help, Q - select action, (/) - cycle Shift-Dir - straight line, f/p - Grinder
Aim: Grinder, carrying a wand of light (4) (heavily wounded, 52% to hit)
You throw a stone. The stone completely misses Grinder.
Grinder hits you but does no damage.
Throw: 13 stones
Press: ? - help, Q - select action, (/) - cycle Shift-Dir - straight line, f/p - Grinder
Aim: Grinder, carrying a wand of light (4) (heavily wounded, 52% to hit)
Okay, then.
Okay, then.
Throw: dart (poison)
Press: ? - help, Q - select action, (/) - cycle Shift-Dir - straight line, f/p - Grinder
Aim: Grinder, carrying a wand of light (4) (heavily wounded, 52% to hit)
You throw a poisoned dart. The poisoned dart hits Grinder.
Grinder is heavily wounded.
Grinder says, "I used to sell toenails on the black market."
Grinder zaps a wand.
The bolt of light hits you!
You die...

# ..#.# #. #.
#.#.# ######.
# #. #.#.#
........
#.##.###.#.#
########
##..........#
...........##
####.#.##.#
#5##.# #@##.#
#.##.#####
#.##.....#
#.######.#
#.# #.# #.#
#.# # #.#
#.#########
#.#
#..........
#..########


You could see Grinder.

Vanquished Creatures
  Jessica (D:2)
  8 endoplasms
  3 giant cockroaches
  4 goblins
  3 hobgoblins
  2 kobolds (D:1)
  7 ball pythons
  4 bats
  2 rats
34 creatures vanquished.

Vanquished Creatures (others)
  7 fungi (D:2)
  A plant (D:2)
8 creatures vanquished.

Grand Total: 42 creatures vanquished

Notes
Turn   | Place    | Note
-------+----------+-------------------------------------------
     0 | Abyss:1  | xian the Draconian Abyssal Knight began the quest for the
                  | Orb.
     0 | Abyss:1  | Reached XP level 1. HP: 19/19 MP: 2/2
     0 | Abyss:1  | Found a corrupted altar of Lugonu.
    29 | Abyss:1  | Noticed a worldbinder
    30 | D:1      | Escaped the Abyss
   338 | D:1      | Reached ** piety under Lugonu
   584 | D:1      | Reached XP level 2. HP: 23/26 MP: 3/3
  1322 | D:2      | Reached XP level 3. HP: 26/33 MP: 4/4
  1461 | D:2      | Found a hide-covered altar of Uskayaw.
  1719 | D:2      | Found a faded altar of an unknown god.
  1721 | D:2      | Noticed Jessica
  1731 | D:2      | Killed Jessica
  2018 | D:2      | Found a runed translucent door.
  2019 | D:2      | Noticed Crazy Yiuf
  2099 | D:3      | Found Gussat's Weapon Emporium.
  2110 | D:3      | Bought 3 poisoned darts for 14 gold pieces
  2110 | D:3      | Bought 8 stones for 9 gold pieces
  2265 | D:3      | Noticed Grinder
  2268 | D:3      | Paralysed by Grinder for 4 turns
  2286 | D:3      | Killed from afar by Grinder

Illustrated notes

Levels and vault maps discovered:
D:1:      shiori_arrival_oz, layout_loops_ring
D:2:      layout_loops_ring, basic_altar,
          shapermc_ecumenical_altar_mp_urbaneastern, minmay_misc_feat_square,
          uniq_jessica, uniq_crazy_yiuf_cottage
D:3:      layout_loops_ring, nicolae_tso_carved_into_rock, serial_shops, shop,
          serial_bayou_lagoon_a, grunt_ministairs_5, uniq_grinder

Action                   || total
-------------------------++-------
Melee: Short sword       ||   124
       Tailslap          ||    10
Throw: Stone             ||    16
       Dart              ||     4
Invok: Depart the Abyss  ||     1
  Use: Scroll            ||     4
 Stab: Sleeping          ||     2
Armor: Skin              ||    36
Dodge: Dodged            ||    78
